 Dungeon Crawl Stone Soup version 0.18.1-48-g4cf74bf (webtiles) character file.

338 raph the Shooter (level 6, -3/49 HPs)
             Began as a Centaur Arcane Marksman on July 8, 2016.
             Was an Initiate of Okawaru.
             Killed by divine providence
             ... invoked by an orc priest
              (15 damage)
             ... on level 4 of the Dungeon.
             The game lasted 00:10:18 (4768 turns).

raph the Shooter (Centaur Arcane Marksman)          Turns: 4768, Time: 00:10:19

Health: -3/49      AC:  8    Str: 13    XL:     6   Next: 29%
Magic:  3/7        EV:  9    Int: 12    God:    Okawaru [......]
Gold:   146        SH:  0    Dex: 11    Spells: 2 memorised, 4 levels left

rFire  . . .     SeeInvis .     a - +0 shortbow
rCold  . . .     Gourm    .     z - +0 leather armour (curse)
rNeg   . . .     Faith    .     (shield currently unavailable)
rPois  .         Spirit   .     y - +0 helmet
rElec  .         Dismiss  .     E - +1 cloak
rCorr  .         Reflect  .     q - +0 pair of gloves (curse)
SustAt .         Harm     .     (no barding)
MR     .....                    (no amulet)
Stlth  +.........               (no ring)
                                t - ring of wizardry

@: very quick, not resistant to hostile enchantments, very unstealthy
A: hooves 3, deformed body, speed 2, tough skin 3
a: Renounce Religion


You were on level 4 of the Dungeon.
You worshipped Okawaru.
Okawaru was noncommittal.
You were hungry.

You visited 1 branch of the dungeon, and saw 4 of its levels.

You collected 146 gold pieces.

Inventory:

Hand Weapons
 a - a +0 shortbow (weapon)
 b - a +3 short sword of speed
 v - a +0 dagger
 w - a +0 short sword
 C - a +2 trident of piercing
Missiles
 d - 56 arrows (quivered)
Armour
 g - a +0 cloak
 i - a +0 robe
 q - a cursed +0 pair of gloves (worn)
 y - a +0 helmet (worn)
 z - a cursed +0 leather armour (worn)
 E - a +1 cloak (worn)
Jewellery
 t - a ring of wizardry (left hand)
Wands
 F - a wand of confusion (10/48)
Scrolls
 k - 7 scrolls of identify {unknown}
 l - a scroll of enchant weapon {unknown}
 n - a scroll of teleportation {unknown}
 p - 2 scrolls of fog {unknown}
 u - a scroll of noise {unknown}
 x - 2 scrolls of remove curse {unknown}
Potions
 e - a potion of cancellation {unknown}
 h - a potion of agility {unknown}
 j - a potion of ambrosia {unknown}
 o - 3 potions of brilliance {unknown}
 r - 2 potions of cure mutation {unknown}
 A - 2 potions of invisibility {unknown}
 D - 3 potions of curing
Books
 c - a book of Debilitation

   Spells                             Type                      Level
   a - Corona                         Hexes                        1
   b - Slow                           Hexes                        2
   c - Gell's Gravitas                Hexes/Translocation          3
   d - Inner Flame                    Hexes/Fire                   3
   e - Cause Fear                     Hexes                        4
   f - Leda's Liquefaction            Hexes/Earth                  4
Comestibles
 f - 3 bread rations
 m - a royal jelly
 B - 2 meat rations


   Skills:
 + Level 2.3 Fighting
 + Level 7.2 Bows
 + Level 2.2 Dodging
 - Level 1.0 Spellcasting
 - Level 3.2 Hexes


You had 4 spell levels left.
You knew the following spells:

 Your Spells              Type           Power        Failure   Level  Hunger
a - Corona                Hex            #......      4%          1    ##.....
b - Slow                  Hex            #.......     7%          2    ###....


Dungeon Overview and Level Annotations

Branches:
Dungeon (4/15)
 Temple: D:4-7

Altars:
Dithmenos
Gozag
Nemelex Xobeh
Okawaru
Pakellas
Zin


Innate Abilities, Weirdness & Mutations

You have hooves in place of feet.
Armour fits poorly on your strangely shaped body.
You cover ground very quickly.
You have extremely tough skin (AC +3).


Message History

The orc priest shouts!
The arrow hits the orc priest.
The orc priest is heavily wounded.
The orc priest invokes the aid of Beogh against you.
Beogh smites you!
You hear a shout!
Firing (i - inventory):
d - 57 arrows (quivered)
Press: ? - help, Shift-Dir - straight line, f/p - orc priest
Aim: an orc priest, wielding a club (moderately wounded, softly glowing)
You shoot an arrow. The arrow barely misses the orc priest.
The arrow barely misses the orc.
An orc comes into view. It is wielding a club.
The orc priest invokes the aid of Beogh against you.
Beogh smites you!
* * * LOW HITPOINT WARNING * * *
The orc priest mumbles some strange prayers to Beogh against you.
You barely resist.
The orc priest invokes the aid of Beogh against you.
Beogh smites you!
You die...

....#
#.##....##.......
....# #........##....o
....# ##.......##....#
....# #.......##...o#
....# ##......##..o.#
....# #......##....#
....# #.###'###....#
....#####............#
....##..........@....#
....##...............#
..########..#.###....#
######## ##.#.# ######
#8.._####.#.#
###....##.....#
#.'....###.#..#
..#..### #.#..#
###8.#A# #.#..#


You could see 2 orc priests and an orc.

Vanquished Creatures
  A howler monkey (D:4)
  A hound (D:3)
  An iguana (D:4)
  3 worker ants (D:4)
  A howler monkey skeleton (D:4)
  7 adders
  2 river rats (D:4)
  2 adder skeletons (D:4)
  2 worms (D:2)
  3 dart slugs (D:3)
  3 giant geckos
  6 orcs
  4 bats
  2 giant cockroaches
  6 goblins
  6 hobgoblins
  3 jackals (D:1)
  6 kobolds
  3 ball pythons
  A giant gecko skeleton (D:4)
  2 giant newts (D:1)
  6 rats
71 creatures vanquished.

Notes
Turn   | Place    | Note
--------------------------------------------------------------
     0 | D:1      | raph the Centaur Arcane Marksman began the quest for the Orb.
     0 | D:1      | Reached XP level 1. HP: 16/16 MP: 2/2
   169 | D:1      | You fall through a shaft!
   216 | D:2      | Reached skill level 3 in Bows
   216 | D:2      | Reached XP level 2. HP: 8/23 MP: 0/3
   594 | D:2      | Found an oddly glowing altar of Pakellas.
   596 | D:2      | Found an iron altar of Okawaru.
   920 | D:2      | Learned a level 2 spell: Slow
   935 | D:2      | Reached XP level 3. HP: 28/28 MP: 4/4
  1001 | D:2      | Reached skill level 4 in Bows
  2028 | D:2      | Found a shadowy altar of Dithmenos.
  2028 | D:2      | Found an opulent altar of Gozag.
  2037 | D:2      | Became a worshipper of Warmaster Okawaru
  2125 | D:3      | Reached skill level 5 in Bows
  2194 | D:3      | Reached XP level 4. HP: 35/35 MP: 2/5
  2327 | D:3      | Reached skill level 6 in Bows
  2670 | D:3      | Found a sparkling altar of Nemelex Xobeh.
  2721 | D:4      | Reached XP level 5. HP: 5/40 MP: 6/6
  3503 | D:2      | Found an oddly glowing altar of Pakellas.
  4131 | D:4      | Reached skill level 7 in Bows
  4131 | D:4      | Reached XP level 6. HP: 37/48 MP: 7/7
  4647 | D:4      | Found a glowing silver altar of Zin.
  4647 | D:4      | Noticed an angel
  4768 | D:4      | Killed from afar by an orc priest

Skill      XL: |  1  2  3  4  5 |
---------------+----------------+-----
Bows           | 3 5 6 7 |  7.2
Hexes          | 3 |  3.2
Dodging        | 2 |  2.2
Fighting       | 2 |  2.3
Spellcasting   | |  1.0

Action                   |  1- 3 |  4- 6 || total
-------------------------+-------+-------++-------
Melee: Dagger            |     4 |       ||     4
       Kick              |    14 |    35 ||    49
       Unarmed           |     2 |       ||     2
       Short sword       |    73 |   169 ||   242
 Fire: Shortbow          |    23 |    36 ||    59
 Cast: Corona            |    36 |    43 ||    79
       Slow              |       |     5 ||     5
  Use: Potion            |       |     2 ||     2
  Eat: Chunk             |     4 |     9 ||    13
Armor: Robe              |    45 |       ||    45
       Leather armour    |     5 |    65 ||    70
Dodge: Dodged            |    46 |    67 ||   113
